 Dungeon Crawl Stone Soup version 0.23.2 (webtiles) character file.

Game seed: 11494972289499261675

8733 Fang the Fighter (level 11, -1/72 HPs)
             Began as a Gargoyle Berserker on Apr 12, 2019.
             Was an Elder of Trog.
             Engulfed by a fire crab's flame (8 damage)
             ... on level 9 of the Dungeon.
             The game lasted 00:11:41 (9622 turns).

Fang the Fighter (Gargoyle Berserker)               Turns: 9622, Time: 00:11:42

Health: -1/72      AC: 26    Str: 24    XL:     11   Next: 35%
Magic:  11/11      EV: 11    Int:  8    God:    Trog [****..]
Gold:   556        SH:  0    Dex:  6    Spells: 10/10 levels left

rFire    . . .     SeeInvis +   a - +0 war axe
rCold    . . .     Gourm    .   (no shield)
rNeg     + . .     Faith    .   b - +0 plate armour
rPois    ∞         Spirit   .   A - +1 helmet
rElec    +         Reflect  .   p - +0 cloak of Resourcefulness {MR++ rCorr Dex-3 Stlth+}
rCorr    +         Harm     .   (no gloves)
MR       ++++.                  (no boots)
Stlth    ..........             (no amulet)
HPRegen  1.22/turn              t - ring of see invisible
MPRegen  0.12/turn              n - +2 ring of evasion

@: liquid flames, berserk cooldown, regenerating, slowed, glowing, very slow
A: negative energy resistance 1, electricity resistance, unbreathing,
petrification resistance, rot immunity, AC +8
a: Berserk, Trog's Hand, Brothers in Arms, Renounce Religion


You were on level 9 of the Dungeon.
You worshipped Trog.
Trog was greatly pleased with you.
You were not hungry.

You visited 2 branches of the dungeon, and saw 10 of its levels.

You collected 556 gold pieces.

Inventory:

Hand Weapons
 a - a +0 war axe (weapon)
Armour
 b - a +0 plate armour (worn)
 p - the +0 cloak of Resourcefulness (worn) {MR++ rCorr Dex-3 Stlth+}
   (You found it on level 8 of the Dungeon)

   It affects your dexterity (-3).
   It affects your resistance to hostile enchantments.
   It provides partial protection from all sources of acid and corrosion.
   It makes you more stealthy.
 A - a +1 helmet (worn)
Jewellery
 h - an uncursed ring of flight
 n - a +2 ring of evasion (right hand)
 t - a ring of see invisible (left hand)
Wands
 r - a wand of acid (9)
 v - a wand of flame (33)
 x - a wand of polymorph (8)
 y - a wand of paralysis (7)
Scrolls
 d - 5 scrolls of teleportation
 g - 2 scrolls of fear
 l - a scroll of identify
 m - 3 scrolls of magic mapping
Potions
 e - 2 potions of flight
 f - a potion of resistance
 j - a potion of heal wounds
 k - 4 potions of might
 q - 3 potions of curing
 s - 2 potions of haste
 w - a potion of invisibility
 z - a potion of berserk rage
Comestibles
 c - 34 rations


   Skills:
 + Level 10.1 Fighting
 + Level 8.5 Axes
 + Level 9.8 Armour
 + Level 7.4 Dodging


You had 10 spell levels left.
You didn't know any spells.
Your spell library was empty.

Dungeon Overview and Level Annotations

Branches:
Dungeon (9/15)             Temple (1/1) D:7            Lair (0/6) D:8
    Orc: D:9-12

Altars:
Ashenzari
Dithmenos
Hepliaklqana
Kikubaaqudgha
Nemelex Xobeh
Qazlal
Sif Muna
Trog
Uskayaw
Vehumet
Wu Jian
Xom
Yredelemnul
Zin
The Shining One

Shops:
D:5 *   D:8 :

Annotations:
D:5 1 runed translucent door


Innate Abilities, Weirdness & Mutations

You are resistant to torment.
Your stone body is resilient. (AC +8)
You are immune to poison.
You resist negative energy. (rN+)
You are resistant to electric shocks. (rElec)
You can survive without breathing.
You are immune to petrification.
You are immune to rotting.


Message History

The deep elf mage casts a spell at you. The sticky flame hits you!
You are covered in liquid flames!
* * * LOW HITPOINT WARNING * * *
Okay, then.
You feel much better.
You are covered in liquid flames!
* * * LOW HITPOINT WARNING * * *
The fire elemental hits you. The fire elemental burns you!
* * * LOW HITPOINT WARNING * * *
The fire elemental closely misses you. The fire crab breathes flames at you.
The blast of flame engulfs you but does no damage.
The deep elf mage is engulfed in blazing flames.
The deep elf mage dies!
The fire elemental disappears in a puff of smoke! x2
Your skin crawls.
You feel resistant to hostile enchantments.
You feel somewhat more hungry.
You are engulfed in blazing flames.
You die...

#.# #.#####†# #####.##
#.....>.# # #......##
########### #
####.##.>..###.........# #
#..............#######.# #
#.##########...#.....#.# #
#.#..#.°#..#.#.#.....#.###
#.#..†°°°°°#.#.#.....#.##.
#.##'####@##.#.#.....#.##.
#.#..# #8t#.#.#.....#.##.
#.#..# #°8#...#.......(..
#)##'# #'##....<......##.
#.#..# '..#[###.#..#.###.
##.#..# .#..#.....#.....##.
####..#'########.###.##.#.>...
##.##.............#
#.......##.
##.#>#.##.###.######
#..........


You could see a fire crab.

Vanquished Creatures
  Harold (D:7)
  A two-headed ogre (D:8)
  A flayed ghost (D:9)
  Pikel (D:4)
  An ugly thing (D:9)
  3 trolls (D:9)
  3 slime creatures (D:9)
  Grinder (D:5)
  A hippogriff (D:7)
  Sigmund (D:4)
  A wraith (D:9)
  A wyvern (D:8)
  The ghost of TheHumanExperience the Insei, an amateur HuMo (D:5)
  Duvessa (D:6)
  2 orc warriors (D:7)
  A slave (D:4)
  A sky beast (D:6)
  2 ice beasts
  An eye of draining (D:8)
  3 ogres
  A big kobold (D:8)
  4 bullfrogs
  A gnoll sergeant (D:7)
  Dowan (D:6)
  A wyvern zombie (D:8)
  4 scorpions
  8 wights (D:7)
  A crimson imp (D:9)
  A howler monkey (D:7)
  Crazy Yiuf (D:4)
  A bullfrog zombie (D:5)
  7 hounds
  2 jellies
  5 orc priests
  A bullfrog skeleton (D:6)
  A centaur skeleton (D:9)
  An orc wizard (D:7)
  2 iguanas
  7 worker ants
  8 gnolls
  12 adders
  A shadow imp (D:4)
  3 oozes
  4 worms
  2 dart slugs
  4 leopard geckos
  34 orcs
  8 bats
  6 giant cockroaches
  6 hobgoblins
  10 jackals
  9 kobolds
  4 quokkas
  3 ball pythons
  3 frilled lizards
  9 goblins
  A jackal skeleton (D:6)
  A leopard gecko skeleton (D:4)
  A quokka skeleton (D:5)
  6 rats
213 creatures vanquished.

Vanquished Creatures (collateral kills)
  A death yak (D:8)
  An elephant (D:8)
  2 crocodiles (D:8)
  A scorpion (D:9)
  A worker ant (D:9)
  A shadow imp (D:8)
7 creatures vanquished.

Vanquished Creatures (others)
  A deep elf mage (D:9)
1 creature vanquished.

Grand Total: 221 creatures vanquished

Notes
Turn   | Place    | Note
-------+----------+-------------------------------------------
     0 | D:1      | Fang the Gargoyle Berserker began the quest for the Orb.
     0 | D:1      | Reached XP level 1. HP: 14/14 MP: 1/1
    60 | D:1      | Reached XP level 2. HP: 10/19 MP: 2/2
   808 | D:2      | Found a deep blue altar of Sif Muna.
   832 | D:2      | Reached XP level 3. HP: 21/23 MP: 3/3
  1015 | D:2      | Reached ** piety under Trog
  1144 | D:2      | Found a faded altar of an unknown god.
  1230 | D:2      | Reached XP level 4. HP: 29/29 MP: 4/4
  1393 | D:2      | Reached skill level 4 in Fighting
  1758 | D:3      | Reached *** piety under Trog
  1760 | D:3      | Reached XP level 5. HP: 4/33 MP: 5/5
  2570 | D:3      | Reached XP level 6. HP: 37/39 MP: 6/6
  2901 | D:4      | Found a glowing golden altar of the Shining One.
  3126 | D:4      | Noticed Pikel
  3126 | D:4      | Noticed a slave
  3126 | D:4      | Noticed a slave
  3126 | D:4      | Noticed a slave
  3127 | D:4      | Noticed a slave
  3137 | D:4      | Killed Pikel
  3137 | D:4      | Reached skill level 5 in Fighting
  3137 | D:4      | Reached skill level 5 in Armour
  3137 | D:4      | Reached XP level 7. HP: 45/45 MP: 7/7
  3229 | D:4      | Found a runed translucent door.
  3230 | D:4      | Noticed Crazy Yiuf
  3291 | D:4      | Reached **** piety under Trog
  3361 | D:4      | Noticed Sigmund
  3404 | D:4      | Killed Sigmund
  3404 | D:4      | Reached skill level 6 in Fighting
  3404 | D:4      | Reached skill level 5 in Axes
  3404 | D:4      | Reached XP level 8. HP: 16/51 MP: 8/8
  3933 | D:4      | Killed Crazy Yiuf
  3944 | D:5      | Entered Level 5 of the Dungeon
  3948 | D:5      | Found a radiant altar of Vehumet.
  3963 | D:5      | Noticed Grinder
  3964 | D:5      | Paralysed by Grinder for 4 turns
  3981 | D:5      | Paralysed by Grinder for 2 turns
  3990 | D:5      | Paralysed by Grinder for 5 turns
  3998 | D:5      | Killed Grinder
  4265 | D:5      | Found an ancient bone altar of Kikubaaqudgha.
  4337 | D:5      | Found a stormy altar of Qazlal.
  4370 | D:5      | Found a runed translucent door.
  4453 | D:5      | Noticed TheHumanExperience's ghost (amateur HuMo)
  4504 | D:5      | Found a runed translucent door.
  4590 | D:5      | Found Qinucag's Assorted Antiques.
  5176 | D:5      | Killed TheHumanExperience's ghost
  5305 | D:6      | Reached XP level 9. HP: 46/56 MP: 9/9
  5339 | D:6      | Reached skill level 7 in Fighting
  5442 | D:6      | Noticed Dowan
  5443 | D:6      | Noticed Duvessa
  5453 | D:6      | Killed Duvessa
  5453 | D:6      | Reached skill level 5 in Dodging
  5474 | D:6      | Killed Dowan
  5730 | D:6      | You fall through a shaft for 2 floors!
  5778 | D:8      | Got a dazzling cloak
  5784 | D:8      | Identified the cursed +0 cloak of Resourcefulness {MR++
                  | rCorr Dex-3 Stlth+} (You found it on level 8 of the
                  | Dungeon)
  5871 | D:8      | Found a staircase to the Lair.
  5871 | D:8      | Noticed a death yak
  5871 | D:8      | Noticed an elephant
  5879 | D:8      | Killed a death yak
  5881 | D:8      | Killed an elephant
  6109 | D:8      | Found Tenekyel's Book Boutique.
  6170 | D:8      | Found a bloodstained altar of Trog.
  6274 | D:8      | Noticed a two-headed ogre
  6283 | D:8      | Killed a two-headed ogre
  6283 | D:8      | Reached skill level 8 in Fighting
  6283 | D:8      | Reached XP level 10. HP: 61/64 MP: 10/10
  6946 | D:7      | Noticed Harold
  6961 | D:7      | Killed Harold
  6962 | D:7      | Reached skill level 9 in Fighting
  7149 | D:7      | Found a shimmering altar of Xom.
  7149 | D:7      | Found a sparkling altar of Nemelex Xobeh.
  7370 | D:7      | Reached ***** piety under Trog
  7402 | D:7      | Found a staircase to the Ecumenical Temple.
  7419 | Temple   | Entered the Ecumenical Temple
  7563 | D:7      | Found a radiant altar of Vehumet.
  7625 | D:7      | Identified a scroll of acquirement
  7642 | D:7      | Found a shattered altar of Ashenzari.
  7745 | D:7      | Found an ornate altar of the Wu Jian Council.
  7860 | D:7      | Found a basalt altar of Yredelemnul.
  8296 | D:9      | Found a hide-covered altar of Uskayaw.
  8297 | D:9      | Noticed a +0 hand axe
  8298 | D:9      | Noticed a +0 hand axe
  8509 | D:9      | Reached XP level 11. HP: 49/71 MP: 11/11
  8695 | D:9      | Found a glowing silver altar of Zin.
  8833 | D:9      | Found a runed translucent door.
  8834 | D:9      | Noticed a flayed ghost
  9474 | D:9      | Noticed a purple ugly thing
  9483 | D:9      | Killed a flayed ghost
  9483 | D:9      | Reached skill level 10 in Fighting
  9488 | D:9      | Killed a purple ugly thing
  9496 | D:9      | Noticed a fire crab
  9599 | D:9      | Noticed a deep elf mage
  9621 | D:9      | Killed a deep elf mage
  9622 | D:9      | Engulfed by a fire crab's flame

Skill      XL: |  1  2  3  4  5  6  7  8  9 10 11 |
---------------+----------------------------------+-----
Axes           | 3 4 5 6 8 |  8.5
Dodging        | 2 3 4 5 7 |  7.4
Armour         | 3 5 6 7 9 |  9.8
Fighting       | 4 5 6 8 9 10 | 10.1

Action                   |  1- 3 |  4- 6 |  7- 9 | 10-12 || total
-------------------------+-------+-------+-------+-------++-------
Melee: Hand axe          |   109 |   245 |   103 |       ||   457
       War axe           |       |       |   176 |   345 ||   521
Invok: Berserk           |       |     4 |     4 |     5 ||    13
       Trog's Hand       |       |       |     1 |     2 ||     3
       Brothers in Arms  |       |       |     1 |     2 ||     3
  Use: Scroll            |       |       |    11 |     8 ||    19
       Potion            |       |       |       |     1 ||     1
  Eat: Chunk             |     1 |     9 |    12 |    15 ||    37
       Ration            |       |       |     1 |     1 ||     2
Armor: Animal skin       |    14 |       |       |       ||    14
       Chain mail        |    44 |   169 |   173 |    22 ||   408
       Plate armour      |       |       |       |   244 ||   244
Dodge: Dodged            |    52 |   136 |   153 |   243 ||   584
